AoeStats
← Macbein

Arabia

509900690Analyzed
1v1 RM · 2d ago on Sep 28, 2026· 43m 49s· 2 players
Game mode
Random Map
Map size
Tiny (2 player)
Population
200
Speed
Normal
Resources
Standard
Victory
Conquest
Starting age
Dark Age
Ending age
Imperial Age
RankedLock teamsTeams togetherTeam positionsShared explorationLock speedFull tech treeHidden civsTurbo modeCheats
Victory
Defeat
🇹🇷 Mongols · Türkiye
1000
+17
🇪🇸 Mongols · Spain
1019
-17
Traygamor
5:59 Loom
11:40 Feudal Age
15:47 Castle Age
15:12 Double-Bit Axe
16:44 Horse Collar
19:08 Gold Mining
19:30 Bow Saw
20:58 Wheelbarrow
21:29 Town Watch
22:16 Fletching
23:15 Bodkin Arrow
23:52 Ballistics
23:48 Padded Archer Armor
26:00 Hand Cart
25:46 Town Patrol
26:37 Gold Shaft Mining
26:32 Husbandry
28:06 Leather Archer Armor
33:51 Imperial Age
34:45 Bracer
34:06 Heavy Cavalry Archer
35:16 Parthian Tactics
36:06 Chemistry
35:37 Stone Mining
37:52 Stone Shaft Mining
Macbein
11:30 Feudal Age
13:19 Loom
15:26 Double-Bit Axe
17:46 Castle Age
16:18 Stone Mining
17:34 Fletching
18:14 Horse Collar
20:30 Gold Mining
22:28 Wheelbarrow
24:39 Heavy Plow
25:36 Bodkin Arrow
26:45 Bow Saw
27:46 Town Watch
31:23 Imperial Age
29:42 Bloodlines
29:40 Scale Barding Armor
34:08 Padded Archer Armor
34:10 Bracer
34:39 Conscription
36:09 Chain Barding Armor
36:01 Forging
37:06 Town Patrol
39:22 Iron Casting
40:35 Ballistics
41:17 Chemistry
40:28 Masonry
43:04 Heavy Camel Rider
44:14 Hand Cart
Connection lost

Rejoining the realm…

Still unreachable

The connection could not be restored.

Session expired

The server has moved on; the page needs a fresh start.